 Dungeon Crawl Stone Soup version 0.27-a0-1319-geec4fb4e21 (webtiles) character file.

Game seed: 15770023001306059387

63 Kold the Skirmisher (level 4, -5/29 HPs)
             Began as a Gargoyle Fighter on June 21, 2021.
             Slain by Crazy Yiuf (8 damage)
             ... on level 3 of the Dungeon.
             The game lasted 00:02:28 (3117 turns).

Kold the Skirmisher (Gargoyle Fighter)              Turns: 3117, Time: 00:02:28

Health: -5/29      AC: 10    Str: 20    XL:     4   Next: 10%
Magic:  4/4        EV:  9    Int:  8    God:
Gold:   166        SH:  4    Dex: 10    Spells: 3/3 levels left

rFire    . . .     SeeInvis .   a - +0 flail
rCold    . . .     Faith    .   j - +0 buckler
rNeg     + . .     Spirit   .   b - +0 scale mail
rPois    ∞         Reflect  .   (no helmet)
rElec    +         Harm     .   (no cloak)
rCorr    .         Rampage  .   (no gloves)
Will     .....                  (no boots)
Stlth    ..........             (no amulet)
HPRegen  0.09/turn              (no ring)
MPRegen  0.09/turn              (no ring)

@: hasted, very quick
A: sickness immunity, AC +3, negative energy resistance 1, electricity
resistance, torment resistance 1, petrification resistance
a: no special abilities


You were on level 3 of the Dungeon.
You visited 1 branch of the dungeon, and saw 3 of its levels.

You collected 166 gold pieces.

Inventory:

Hand Weapons
 a - a +0 flail (weapon)
Armour
 b - a +0 scale mail (worn)
 j - a +0 buckler (worn)
Scrolls
 c - a scroll of immolation {unknown}
 e - 2 scrolls of identify {unknown}
 f - a scroll of vulnerability {unknown}
 i - a scroll of holy word {unknown}
 k - a scroll of blinking {unknown}
 l - a scroll of teleportation {unknown}
 o - a scroll of amnesia {unknown}
Potions
 d - a potion of might
 g - a potion of haste
 h - a potion of magic {unknown}
 m - a potion of degeneration {unknown}
 n - 2 potions of curing {unknown}


   Skills:
 + Level 3.8 Fighting
 * Level 3.0 Maces & Flails
 + Level 3.7 Armour
 + Level 3.7 Shields


You had 3 spell levels left.
You didn't know any spells.
Your spell library was empty.

Dungeon Overview and Level Annotations

Branches:
Dungeon (3/15)

Altars:

Annotations:
D:3 Crazy Yiuf


Innate Abilities, Weirdness & Mutations

You are immune to sickness and miasma.
Your stone body is resilient. (AC +3)
You are immune to poison.
You resist negative energy. (rN+)
You are resistant to electric shocks. (rElec)
You are resistant to unholy torment.
You are immune to petrification.


Message History

A rat comes into view.
The rat bites you.
There is an escape hatch in the ceiling here.
You hit the rat but do no damage. The rat closely misses you. x2
You closely miss the rat. The rat bites you but does no damage.
You hit the rat.
The rat is moderately wounded.
The rat completely misses you.
You closely miss the rat.
The rat is moderately wounded.
The rat bites you but does no damage.
You sock the rat!
You kill the rat!
No target in view!
You see here a rat corpse.
Found a mace.
Found a runed translucent door.
Crazy Yiuf shouts!
Crazy Yiuf yells, "Iron fast pizzabubble!"
Crazy Yiuf twirls on the spot.
You open the door. You hit Crazy Yiuf.
Crazy Yiuf is lightly wounded.
Crazy Yiuf hits you with a +4 quarterstaff of chaos.
Crazy Yiuf burns you.
You hit Crazy Yiuf.
Crazy Yiuf is lightly wounded.
Crazy Yiuf drinks a potion.
Crazy Yiuf goes berserk!
You closely miss Crazy Yiuf.
Crazy Yiuf is lightly wounded.
Crazy Yiuf hits you with a +4 quarterstaff of chaos!
Crazy Yiuf burns you.
Crazy Yiuf hits you with a +4 quarterstaff of chaos!
* * * LOW HITPOINT WARNING * * *
You barely miss Crazy Yiuf.
Crazy Yiuf is lightly wounded.
You block Crazy Yiuf's attack. Crazy Yiuf hits you but does no damage.
Okay, then.
It was a potion of haste.
You feel yourself speed up.
Crazy Yiuf hits you with a +4 quarterstaff of chaos!
You die...

#..........)...................
#.#.###.#.##.##################
#>.............................
#.#.###########################
###...# ..<#######♣♣♣♣♣ ####
##....♣.♣♣♣ ###
##......♣..♣#...#
#......♣♣♣♣@g...# #.....♣♣
♣♣#..)# ## ######.###♣♣ ### #.
.<†....# #. ###.#### #. #.# ###
#. #.# #.# #. #.# #.# #. #.#
#.# #.


You could see Crazy Yiuf (berserk).

Vanquished Creatures
  An adder (D:2)
  A worm (D:3)
  3 orcs (D:3)
  3 ball pythons
  2 endoplasms
  4 giant cockroaches
  3 goblins
  6 hobgoblins
  2 jackals (D:2)
  3 quokkas (D:1)
  3 bats
  2 frilled lizards
  5 kobolds
  6 rats
44 creatures vanquished.

Notes
Turn   | Place    | Note
-------+----------+-------------------------------------------
     0 | D:1      | Kold the Gargoyle Fighter began the quest for the Orb.
     0 | D:1      | Reached XP level 1. HP: 14/14 MP: 1/1
   589 | D:1      | Reached XP level 2. HP: 15/19 MP: 2/2
   741 | D:1      | Found a faded altar of an unknown god.
  1226 | D:2      | Reached XP level 3. HP: 23/23 MP: 3/3
  2664 | D:3      | Reached XP level 4. HP: 28/29 MP: 4/4
  3055 | D:3      | Found a runed translucent door.
  3056 | D:3      | Noticed Crazy Yiuf
  3117 | D:3      | Slain by Crazy Yiuf

Illustrated notes

Levels and vault maps discovered:
D:1:      beargit_arrival_greenhouse, layout_basic,
          hellmonk_ecumenical_altar_heavens_door
D:2:      layout_basic
D:3:      layout_basic, uniq_crazy_yiuf_cottage

Skill      XL: |  1  2  3 |
---------------+----------+-----
Maces & Flails | 3 |  3.0
Fighting       | |  3.8
Armour         | |  3.7
Shields        | |  3.7

Action                   |  1- 3 |  4- 6 || total
-------------------------+-------+-------++-------
Melee: Flail             |   121 |    27 ||   148
  Use: Potion            |       |     1 ||     1
Armor: Scale mail        |    61 |    21 ||    82
Dodge: Dodged            |    49 |    22 ||    71
Block: Kite shield       |    49 |       ||    49
       Buckler           |    10 |     3 ||    13

Table legend: (Time is in decaauts)
 A = Elapsed time spent in this place.
 B = Non-inter-level travel time spent in this place.
 C = Inter-level travel time spent in this place.
 D = Time resting spent in this place.
 E = Time spent auto-exploring this place.
 F = Levels seen in this place.
 G = Mean time per level.
                   A        B        C        D        E       F      G
               +--------+--------+--------+--------+--------+-----+--------+
         Total |   3177 |   3043 |    134 |    409 |   2274 |   3 | 1059.0 |
       Dungeon |   3177 |   3043 |    134 |    409 |   2274 |   3 | 1059.0 |
               +--------+--------+--------+--------+--------+-----+--------+

Top non-repeatable levels by time:
     D:1: 1151 daAuts
     D:2: 1071 daAuts
     D:3: 954 daAuts
